 Dungeon Crawl Stone Soup version 0.23.2-33-g5129a83184 (webtiles) character file.

Game seed: 3147454431622923858

5168 psyvane the Cruncher (level 10, -4/81 HPs)
             Began as a Purple Draconian Warper on July 19, 2019.
             Was a Priest of Cheibriados.
             Slain by a two-headed ogre
             ... wielding a +0 giant club
              (31 damage)
             ... on level 9 of the Dungeon.
             The game lasted 00:36:21 (7325 turns).

psyvane the Cruncher (Purple Draconian Warper)      Turns: 7325, Time: 00:36:22

Health: -4/81      AC:  8    Str: 23    XL:     10   Next: 34%
Magic:  6/15       EV: 13    Int: 21    God:    Cheibriados [***...]
Gold:   396        SH:  0    Dex: 21    Spells: 0/16 levels left

rFire    x . .     SeeInvis .   s - +2 quarterstaff of Kuwim {flame, rC+}
rCold    + + .     Gourm    .   (shield currently unavailable)
rNeg     + . .     Faith    .   (armour unavailable)
rPois    .         Spirit   .   (helmet restricted)
rElec    .         Reflect  .   (no cloak)
rCorr    .         Harm     .   n - +0 pair of gloves
MR       +....                  (no boots)
Stlth    ++........             j - amulet of regeneration
HPRegen  0.63/turn              g - ring of positive energy
MPRegen  0.14/turn              b - ring of ice

@: very slightly contaminated, very slow
A: breathe power, unfitting armour, cold-blooded, AC +7
a: Breathe Dispelling Energy, Bend Time, Temporal Distortion, Renounce Religion


You were on level 9 of the Dungeon.
You worshipped Cheibriados.
Cheibriados was most pleased with you.
You were hungry.

You visited 2 branches of the dungeon, and saw 10 of its levels.
You also visited: Bailey.

You collected 396 gold pieces.

Inventory:

Hand Weapons
 a - a +0 falchion
 p - a +1 whip of electrocution
 s - the +2 quarterstaff of Kuwim (weapon) {flame, rC+}
   (You found it on level 4 of the Dungeon)

   It has been specially enchanted to burn those struck by it, causing extra
   injury to most foes and up to half again as much damage against particularly
   susceptible opponents.
   It protects you from cold.
Missiles
 d - a tomahawk of dispersal (quivered)
Armour
 n - a +0 pair of gloves (worn)
Jewellery
 b - a ring of ice (right hand)
 g - a ring of positive energy (left hand)
 j - an amulet of regeneration (around neck)
Scrolls
 c - a scroll of blinking
 i - 3 scrolls of enchant weapon
 k - 3 scrolls of identify
 l - 2 scrolls of immolation {unknown}
 m - 4 scrolls of teleportation
 o - 4 scrolls of remove curse
 x - a scroll of enchant armour {unknown}
Potions
 e - 3 potions of curing
 r - a potion of lignification {unknown}
 t - a potion of heal wounds {unknown}
 u - 3 potions of magic
 w - 4 potions of haste
 z - 2 potions of flight {unknown}
 A - a potion of brilliance {unknown}
Comestibles
 f - 15 rations


   Skills:
 - Level 5.2 Fighting
 - Level 2.0 Long Blades
 - Level 3.6(8.4) Maces & Flails
 * Level 11.5(11.8) Staves
 - Level 0.8 Throwing
 - Level 2.1 Dodging
 - Level 3.6 Spellcasting
 - Level 6.0 Translocations
 - Level 5.7 Invocations


You couldn't memorise any spells.
You knew the following spells:

 Your Spells              Type           Power        Failure   Level  Hunger
a - Blink                 Tloc           N/A          1%          2    ##.....
b - Shroud of Golubria    Chrm/Tloc      ###.......   5%          2    ##.....
c - Gell's Gravitas       Tloc           ####......   3%          3    ###....
d - Teleport Other        Tloc           ####....     3%          3    ###....
e - Passage of Golubria   Tloc           N/A          11%         4    ####...
f - Slow                  Hex            #.......     19%         2    ##.....

Your spell library contained the following spells:

 Spells                   Type           Power        Failure   Level  Hunger
 Lesser Beckoning         Tloc           ####......   3%          3    ###....
 Magic Dart               Conj           #...         13%         1    None
 Call Imp                 Summ           #.......     19%         2    ##.....
 Conjure Flame            Conj/Fire      #.......     36%         3    ###....
 Mephitic Cloud           Conj/Pois/Air  #.......     36%         3    ###....


Dungeon Overview and Level Annotations

Branches:
Dungeon (9/15)             Temple (1/1) D:4
   Lair: D:8-11         Orc: D:9-12

Altars:
Ashenzari
Cheibriados
Dithmenos
Elyvilon
Fedhas
Gozag
Hepliaklqana
Kikubaaqudgha
Makhleb
Nemelex Xobeh
Okawaru
Qazlal
Ru
Sif Muna
Trog
Uskayaw
Vehumet
Wu Jian
Xom
Yredelemnul
Zin
The Shining One

Shops:
D:6 *

Annotations:
D:5 3 runed translucent doors, jerry414's ghost, novice DEFE


Innate Abilities, Weirdness & Mutations

You can breathe bolts of dispelling energy.
Your rich purple scales are hard. (AC +7)
You cannot fit into any form of body armour.
You are cold-blooded and may be slowed by cold attacks.


Message History

You bludgeon the hound!! You burn the hound!
You kill the hound!
Cheibriados thoroughly appreciates the change of pace.
Casting: Slow (safe; 19% risk of failure)
Confirm with . or Enter, or press ? or * to list all spells.
Aiming: Slow (safe; 19% risk of failure)
Press: ? - help, Shift-Dir - straight line, f/p - two-headed ogre
Aim: a two-headed ogre, wielding two +0 giant clubs (heavily wounded, chance to defeat MR: 21%)
The two-headed ogre seems to slow down.
The two-headed ogre hits you with a +0 giant club!
Your shroud falls apart!
The two-headed ogre hits you with a +0 giant club!
The flow of time bends around you.
Cheibriados rebukes the two-headed ogre.
The two-headed ogre seems to slow down.
You are feeling hungry.
You hit the two-headed ogre. You burn the two-headed ogre.
The two-headed ogre is heavily wounded.
The two-headed ogre hits you with a +0 giant club!!
You die...

.... ...
##..
###...####
#.........
#.........
#.........
#†...[....
#@O.>.....
#†........
#.........
#.........
#.........
#.........
#.........
#########


You could see a two-headed ogre.

Vanquished Creatures
  A two-headed ogre (D:8)
  Pikel (D:5)
  A hippogriff (D:7)
  2 water moccasins (D:6)
  A black bear (D:8)
  An orc warrior (D:8)
  2 ice beasts
  2 sky beasts
  3 slaves (D:5)
  2 phantoms
  2 centaurs
  A necrophage (D:6)
  4 bullfrogs
  A water moccasin skeleton (D:8)
  3 scorpions
  9 killer bees (D:7)
  5 wights (D:4)
  A centaur zombie (D:8)
  3 crimson imps (D:8)
  8 orc priests
  4 hounds
  2 bullfrog skeletons
  5 jellies (D:6)
  5 orc wizards
  Natasha (thrice) (D:3)
  3 iguanas
  7 worker ants
  A killer bee zombie (D:7)
  2 hound zombies (D:7)
  A hound skeleton (D:4)
  2 worker ant zombies
  10 gnolls
  9 adders
  2 shadow imps
  2 oozes
  An adder zombie (D:2)
  3 worms
  2 adder skeletons
  2 dart slugs
  5 leopard geckos
  25 orcs
  4 ball pythons
  10 bats
  A bat skeleton (D:2)
  4 giant cockroaches
  11 goblins
  9 hobgoblins
  14 jackals
  6 kobolds
  4 quokkas
  7 frilled lizards
  A leopard gecko skeleton (D:2)
  7 rats
227 creatures vanquished.

Notes
Turn   | Place    | Note
-------+----------+-------------------------------------------
     0 | D:1      | psyvane the Draconian Warper began the quest for the Orb.
     0 | D:1      | Reached XP level 1. HP: 17/17 MP: 3/3
   226 | D:1      | Reached XP level 2. HP: 23/24 MP: 5/5
   246 | D:1      | Learned a level 2 spell: Blink
   249 | D:1      | Learned a level 2 spell: Shroud of Golubria
   716 | D:2      | Reached XP level 3. HP: 21/29 MP: 7/7
  1514 | D:2      | Reached XP level 4. HP: 30/36 MP: 4/8
  1594 | D:2      | Found a glowing golden altar of the Shining One.
  1997 | D:3      | Reached skill level 5 in Translocations
  2067 | D:3      | Reached XP level 5. HP: 39/41 MP: 7/9
  2358 | D:3      | Found a sacrificial altar of Ru.
  2408 | D:2      | Learned a level 3 spell: Gell's Gravitas
  2412 | D:2      | Learned a level 3 spell: Teleport Other
  2440 | D:3      | Noticed Natasha
  2448 | D:3      | Killed Natasha
  2448 | D:3      | Reached skill level 1 in Maces & Flails
  2475 | D:3      | Noticed Natasha
  2480 | D:3      | Killed Natasha
  2480 | D:3      | Reached XP level 6. HP: 48/48 MP: 10/10
  2563 | D:3      | Noticed Natasha
  2577 | D:3      | Killed Natasha
  2913 | D:4      | Found a staircase to the Ecumenical Temple.
  2926 | D:4      | Got a polished quarterstaff
  2927 | D:4      | Identified the +2 quarterstaff of Kuwim {flame, rC+} (You
                  | found it on level 4 of the Dungeon)
  2967 | D:4      | Reached skill level 1 in Staves
  3039 | Temple   | Entered the Ecumenical Temple
  3141 | Temple   | Became a worshipper of Cheibriados the Contemplative
  3380 | D:4      | Reached skill level 2 in Staves
  3380 | D:4      | Your scales start taking on a rich purple colour.
  3380 | D:4      | Reached XP level 7. HP: 34/55 MP: 12/12
  3432 | D:4      | Reached skill level 3 in Staves
  3504 | D:4      | Reached skill level 4 in Staves
  3763 | D:4      | Reached skill level 5 in Staves
  3782 | D:5      | Entered Level 5 of the Dungeon
  3783 | D:5      | Found a runed translucent gate.
  3783 | D:5      | Found a runed translucent gate.
  3783 | D:5      | Found a runed translucent gate.
  3784 | D:5      | Noticed jerry414's ghost (novice DEFE)
  3823 | D:5      | Reached * piety under Cheibriados
  3856 | D:5      | Reached XP level 8. HP: 61/61 MP: 13/13
  3865 | D:5      | Learned a level 4 spell: Passage of Golubria
  3881 | D:5      | Found an opulent altar of Gozag.
  3991 | D:5      | Reached skill level 6 in Staves
  4298 | D:5      | Noticed Pikel
  4330 | D:5      | Killed Pikel
  4330 | D:5      | Reached skill level 8 in Staves
  4848 | D:6      | Reached XP level 9. HP: 58/72 MP: 14/14
  5127 | D:6      | Found Ylitterph's Serpentskin Sales.
  5147 | D:6      | Reached skill level 5 in Fighting
  5255 | D:6      | Reached skill level 9 in Staves
  5257 | D:6      | Reached ** piety under Cheibriados
  5721 | D:7      | Reached skill level 10 in Staves
  5962 | D:7      | Reached *** piety under Cheibriados
  5965 | D:7      | Reached skill level 11 in Staves
  6000 | D:7      | Found a flagged portal.
  6013 | Bailey   | Entered a bailey
  6013 | Bailey   | Noticed an orc knight
  6013 | Bailey   | Noticed an orc knight
  6513 | D:8      | Noticed a two-headed ogre
  6678 | D:7      | Reached skill level 1 in Invocations
  6752 | D:8      | Reached XP level 10. HP: 78/81 MP: 15/15
  6762 | D:8      | Learned a level 2 spell: Slow
  6789 | D:8      | Reached **** piety under Cheibriados
  6810 | D:8      | Killed a two-headed ogre
  6847 | D:8      | Reached skill level 5 in Invocations
  7221 | D:8      | Found a sparkling altar of Nemelex Xobeh.
  7303 | D:9      | Noticed a two-headed ogre
  7325 | D:9      | Slain by a two-headed ogre

Skill      XL: |  1  2  3  4  5  6  7  8  9 10 |
---------------+-------------------------------+-----
Spellcasting   | 3 |  3.6
Translocations | 4 5 6 |  6.0
Maces & Flails | 1 3 |  3.6
Staves         | 2 5 8 11 | 11.5
Fighting       | 4 5 |  5.2
Invocations    | 1 5 |  5.7
Long Blades    | |  2.0
Throwing       | |  0.8
Dodging        | |  2.1

Action                   |  1- 3 |  4- 6 |  7- 9 | 10-12 || total
-------------------------+-------+-------+-------+-------++-------
Melee: Falchion          |   131 |    88 |       |       ||   219
       Tailslap          |    21 |    27 |    47 |    16 ||   111
       Whip              |       |   138 |       |       ||   138
       Quarterstaff      |       |    24 |   334 |    82 ||   440
Throw: Tomahawk          |       |     3 |       |     1 ||     4
 Cast: Shroud of Golubri |     3 |    11 |    20 |    11 ||    45
       Blink             |       |     3 |     3 |     1 ||     7
       Gell's Gravitas   |       |     1 |       |       ||     1
       Slow              |       |       |       |     8 ||     8
Invok: Bend Time         |       |       |     1 |     5 ||     6
       Temporal Distorti |       |       |       |     1 ||     1
 Abil: Breathe Dispellin |       |       |     3 |       ||     3
Evoke: Wand              |       |       |    13 |       ||    13
  Use: Potion            |       |     1 |     1 |     1 ||     3
       Scroll            |       |     1 |     5 |     1 ||     7
 Stab: Sleeping          |     1 |     1 |     2 |     1 ||     5
       Invisible         |       |     1 |       |       ||     1
       Paralysed         |       |     1 |       |       ||     1
       Distracted        |       |       |       |     1 ||     1
  Eat: Chunk             |     2 |     8 |     8 |     2 ||    20
Armor: Skin              |    54 |    85 |   118 |    19 ||   276
Dodge: Dodged            |   105 |   163 |   261 |    41 ||   570
       Rpst.: Falchion   |    37 |    14 |       |       ||    51
